 Dungeon Crawl Stone Soup version 0.27-a0-538-g15ff5c5295 (webtiles) character file.

Game seed: 2400331784032376799

11510 HoaS the Grappler (level 11, -2/92 HPs)
             Began as a Demigod Gladiator on Mar 6, 2021.
             Slain by a salamander
             ... wielding a +2 vampiric halberd
              (14 damage)
             ... in a volcano.
             The game lasted 00:28:42 (11914 turns).

HoaS the Grappler (Demigod Gladiator)              Turns: 11914, Time: 00:28:43

Health: -2/92      AC: 18    Str: 23    XL:     11   Next: 26%
Magic:  0/14       EV: 18    Int: 10    God:
Gold:   635        SH:  0    Dex: 19    Spells: 10/10 levels left

rFire    + . .     SeeInvis .     - Unarmed
rCold    x . .     Faith    .   (no shield)
rNeg     . . .     Spirit   +   L - +2 scale mail {rPois}
rPois    +         Reflect  .   b - +0 helmet
rElec    .         Harm     .   n - +2 cloak {rPois}
rCorr    .         Rampage  .   l - +0 pair of gloves
Will     +....                  C - +1 pair of boots
Stlth    ..........             D - amulet of guardian spirit
HPRegen  0.25/turn              x - +4 ring of evasion
MPRegen  0.14/turn              y - ring of fire

@: hasted, very quick
A: high mp 1, forlorn
a: no special abilities


You were in a volcano.
You visited 2 branches of the dungeon, and saw 11 of its levels.
You also visited: Sewer and Volcano.

You collected 705 gold pieces.
You spent 70 gold pieces at shops.

Inventory:

Missiles
 c - 3 throwing nets (quivered)
 d - 3 atropa-tipped darts
 e - 31 poisoned darts
 B - 7 boomerangs
 F - 2 curare-tipped darts
Armour
 b - a +0 helmet (worn)
 j - a +0 plate armour
 l - a +0 pair of gloves (worn)
 n - a +2 cloak of poison resistance (worn)
 C - a +1 pair of boots (worn)
 L - a +2 scale mail of poison resistance (worn)
Jewellery
 g - a +4 ring of protection
 h - a ring of positive energy
 i - a +6 ring of strength
 r - a +4 ring of evasion
 x - a +4 ring of evasion (left hand)
 y - a ring of fire (right hand)
 D - an amulet of guardian spirit (around neck)
 H - the ring "Ytadou" {+Fly rC+ Str-3 Int+2}
   (You found it on level 9 of the Dungeon)

   [ring of protection from cold]

   It affects your strength (-3).
   It affects your intelligence (+2).
   It protects you from cold.
   It lets you fly.
 N - a ring of flight
Wands
 p - a wand of random effects (12)
 u - a wand of paralysis (9)
 v - a wand of iceblast (5)
 E - a wand of flame (7)
Scrolls
 a - 3 scrolls of magic mapping
 k - 4 scrolls of teleportation
 G - a scroll of fear
 K - 2 scrolls of identify
 M - a scroll of blinking
Potions
 f - a potion of haste
 m - a potion of mutation
 o - 6 potions of flight
 q - a potion of curing {unknown}
 s - a potion of cancellation {unknown}
 t - 2 potions of resistance
 w - 8 potions of ambrosia {unknown}
 z - 2 potions of attraction {unknown}
 A - 6 potions of lignification {unknown}
Miscellaneous
 I - a tin of tremorstones (2/2)


   Skills:
 + Level 7.5 Fighting
 - Level 1.7 Throwing
 + Level 7.6 Armour
 + Level 7.6 Dodging
 * Level 11.4 Unarmed Combat


You had 10 spell levels left.
You didn't know any spells.
Your spell library contained the following spells:

 Spells                   Type           Power      Damage    Failure   Level
 Foxfire                  Conj/Fire      0%         2x1d4     65%         1
 Sandblast                Erth           0%         2d4       65%         1
 Summon Small Mammal      Summ           0%         N/A       65%         1
 Call Imp                 Summ           0%         N/A       78%         2
 Passwall                 Tmut/Erth      0%         N/A       78%         2
 Call Canine Familiar     Summ           0%         N/A       95%         3
 Conjure Flame            Conj/Fire      0%         6-21      95%         3
 Inner Flame              Hex/Fire       0%         N/A       95%         3
 Stone Arrow              Conj/Erth      0%         3d7       95%         3
 Summon Guardian Golem    Hex/Summ       0%         N/A       95%         3
 Petrify                  Tmut/Erth      0%         N/A       100%        4
 Sticky Flame             Conj/Fire      0%         2d3       100%        4
 Summon Ice Beast         Ice/Summ       0%         N/A       100%        4
 Summon Lightning Spire   Summ/Air       0%         N/A       100%        4
 Fireball                 Conj/Fire      0%         3d3       100%        5
 Lee's Rapid Deconstruct  Erth           0%         3d5*      100%        5


Dungeon Overview and Level Annotations

Branches:
Dungeon (9/15)             Temple (0/1) D:7            Lair (2/6) D:8
 Shoals (0/4) Lair:2        Sewer (visited)         Volcano (1/1)
  Snake: Lair:2-4    Spider: Lair:2-4       Orc: D:9-12

Shops:
D:4 :   D:6 *


Innate Abilities, Weirdness & Mutations

Your attributes grow dramatically as you level up.
You have an increased reservoir of magic. (+10% MP)
You shall have no god before yourself.


Message History

The salamander completely misses you.
You feel much better. The salamander completely misses you.
You hit the salamander.
The salamander is heavily wounded.
The volcano roars to life, belching forth lava!
The salamander completely misses you. The salamander hits you.
You are engulfed in flames!
You resist.
You hit the salamander.
The salamander is severely wounded.
The salamander hits you from afar with a +2 vampiric halberd.
You are engulfed in flames.
You resist. The salamander closely misses you.
You punch the salamander!
The salamander is almost dead.
The salamander mystic casts a spell at you.
The bolt of magma misses you.
You hit the salamander but do no damage.
The salamander is almost dead.
The salamander closely misses you. The salamander barely misses you.
You hit the salamander.
The salamander is almost dead.
The salamander mystic gestures at the salamander while chanting.
The salamander seems to speed up.
The salamander hits you.
You are engulfed in flames.
You resist.
You punch the salamander!
You kill the salamander!
You hear a sizzling splash. x2
The salamander hits you but does no damage.
The salamander closely misses you.
You hit the salamander mystic.
The salamander mystic is severely wounded.
The salamander misses you. The salamander hits you!
* * * LOW HITPOINT WARNING * * *
You are engulfed in flames!
You resist.
* * * LOW HITPOINT WARNING * * *
The salamander misses you.
You hit the salamander mystic.
Your punch misses the salamander mystic.
The salamander mystic is almost dead.
The salamander hits you with a +2 vampiric halberd!
You die...

.....##...................#######
≈.§.........≈≈≈≈.≈..≈...........#
§§§......§≈≈≈≈≈≈≈§≈≈≈≈≈°°........
≈§≈§≈≈.≈≈≈≈§§≈§≈≈≈§§≈≈§°§........
§≈§≈≈≈≈§§§§§§§≈≈≈≈§≈≈≈§≈§≈≈≈.....
≈≈≈§§§≈§≈§§≈≈§≈≈§≈≈≈≈§≈§≈≈≈≈§≈≈..
§.≈§§≈≈§§≈≈§≈≈≈≈≈§≈.≈≈≈≈§≈≈§§≈≈≈≈
§≈§≈.≈.≈≈§≈≈≈§.≈NN§.°≈°°§≈§≈≈≈≈≈§
≈§.§...........N@....≈≈≈§§§§≈§≈§§
≈≈.########'########.≈§≈≈§≈§≈§≈≈≈
≈..# #.# #..°§≈≈≈§≈§§≈§ ≈≈.# #N#
#..≈≈§≈≈≈§≈§§§ ≈..# #N#
#.≈≈≈§≈≈≈≈§§§§ ≈≈.# #.# #.§§≈§≈≈≈
§≈§§ ≈..######.#N#.######§§§§≈≈≈§
§≈≈≈
≈≈.#......#.#......#§§§≈≈≈≈§§§≈§§
§§.###++###'###++###§≈§≈§≈≈§≈≈≈§§


You could see a salamander mystic and 2 salamanders.

Vanquished Creatures
  Harold (Lair:1)
  A hydra (Lair:1)
  An oklob plant (Lair:1)
  A salamander (Volcano)
  Maggie (Lair:2)
  5 cane toads
  A komodo dragon (D:8)
  Psyche (D:9)
  Grinder (D:4)
  A queen bee (D:9)
  Sigmund (D:5)
  7 yaks
  A basilisk (Lair:1)
  2 fire bats (Volcano)
  A steam dragon (D:8)
  Duvessa (D:4)
  2 water moccasins
  3 sky beasts
  An orc warrior (D:8)
  A black bear (D:8)
  A necrophage (D:9)
  8 wolves (D:8)
  3 ogres
  3 centaurs
  6 bullfrogs
  Dowan (D:4)
  A scorpion (D:4)
  24 killer bees (D:9)
  An electric eel (Lair:1)
  6 lava snakes (Volcano)
  3 bullfrog skeletons
  A jelly (D:7)
  Crazy Yiuf (D:2)
  A centaur zombie (D:8)
  A gnoll shaman (D:5)
  4 orc priests
  3 hounds
  2 centaur skeletons
  Ijyb (D:5)
  Natasha (thrice) (D:4)
  5 orc wizards
  A merfolk siren (Sewer)
  5 worker ants
  A merfolk avatar (Sewer)
  2 hound skeletons (D:6)
  2 worker ant zombies
  Robin (D:1)
  13 adders
  12 gnolls
  A howler monkey skeleton (D:7)
  A shadow imp (D:5)
  4 white imps
  An ufetubus (D:5)
  An adder skeleton (D:9)
  2 worms (D:2)
  2 dart slugs
  8 leopard geckos
  11 orcs
  7 bats
  7 giant cockroaches
  9 goblins
  9 hobgoblins
  8 jackals
  6 kobolds
  2 quokkas
  5 ball pythons
  11 frilled lizards
  A leopard gecko skeleton (D:2)
  A leopard gecko zombie (D:6)
  A quokka skeleton (D:6)
  A quokka zombie (D:8)
  36 rats
285 creatures vanquished.

Vanquished Creatures (others)
  3 fungi
  25 plants
28 creatures vanquished.

Grand Total: 313 creatures vanquished

Notes
Turn   | Place    | Note
-------+----------+-------------------------------------------
     0 | D:1      | HoaS the Demigod Gladiator began the quest for the Orb.
     0 | D:1      | Reached XP level 1. HP: 17/17 MP: 3/3
   157 | D:1      | Reached skill level 3 in Unarmed Combat
   377 | D:1      | Reached XP level 2. HP: 23/24 MP: 4/4
   983 | D:2      | Noticed Robin
  1093 | D:1      | Reached skill level 4 in Unarmed Combat
  1093 | D:1      | Reached XP level 3. HP: 29/29 MP: 5/5
  1116 | D:1      | Killed Robin
  1246 | D:1      | Reached XP level 4. HP: 21/36 MP: 6/6
  1393 | D:2      | Reached skill level 5 in Unarmed Combat
  1714 | D:2      | Found a runed translucent door.
  1715 | D:2      | Noticed Crazy Yiuf
  2150 | D:2      | Killed Crazy Yiuf
  2151 | D:2      | Reached XP level 5. HP: 37/41 MP: 7/7
  2415 | D:3      | Reached skill level 6 in Unarmed Combat
  2503 | D:3      | Found a glowing drain.
  2536 | Sewer    | Entered a sewer
  2902 | Sewer    | Reached skill level 1 in Armour
  2915 | Sewer    | Reached XP level 6. HP: 48/48 MP: 8/8
  3573 | D:4      | Noticed Grinder
  3873 | D:4      | Noticed Natasha
  3884 | D:4      | Killed Natasha
  3900 | D:4      | Noticed Natasha
  3906 | D:4      | Killed Natasha
  3907 | D:4      | Reached XP level 7. HP: 52/57 MP: 9/9
  4002 | D:4      | Noticed Natasha
  4015 | D:4      | Killed Natasha
  4043 | D:4      | Noticed Dowan
  4049 | D:4      | Noticed Duvessa
  4076 | D:4      | Killed Duvessa
  4084 | D:4      | Killed Dowan
  4216 | D:4      | Killed Grinder
  4301 | D:4      | Found Cocsyiph's Book Emporium.
  4324 | D:4      | Reached skill level 7 in Unarmed Combat
  4376 | D:5      | Entered Level 5 of the Dungeon
  4401 | D:5      | Noticed Sigmund
  4416 | D:5      | Killed Sigmund
  4417 | D:5      | Reached XP level 8. HP: 66/66 MP: 10/10
  4983 | D:5      | Noticed Ijyb
  4993 | D:5      | Killed Ijyb
  5210 | D:6      | Found Nounauw's General Store.
  5250 | D:6      | Bought a potion of heal wounds for 70 gold pieces
  5642 | D:6      | Reached skill level 8 in Unarmed Combat
  5877 | D:7      | Found a staircase to the Ecumenical Temple.
  6230 | D:7      | Reached skill level 5 in Dodging
  6545 | D:8      | Reached skill level 5 in Fighting
  6545 | D:8      | Reached skill level 5 in Armour
  6545 | D:8      | Reached XP level 9. HP: 74/74 MP: 11/11
  6696 | D:8      | Found a staircase to the Lair.
  6712 | D:8      | Noticed a komodo dragon
  6726 | D:8      | Killed a komodo dragon
  7045 | D:8      | Reached skill level 9 in Unarmed Combat
  8868 | D:9      | Reached XP level 10. HP: 79/83 MP: 13/13
  8907 | D:9      | Identified the ring "Ytadou" {+Fly rC+ Str-3 Int+2}
  8955 | D:9      | Noticed Psyche
  8968 | D:9      | Killed Psyche
  9359 | Lair:1   | Entered Level 1 of the Lair of Beasts
  9514 | D:8      | Reached skill level 10 in Unarmed Combat
  9868 | Lair:1   | Noticed an eight-headed hydra
  9992 | Lair:1   | Killed an eight-headed hydra
 10395 | Lair:1   | Noticed an oklob plant
 10570 | Lair:1   | Noticed Harold
 10587 | Lair:1   | Killed Harold
 10951 | Lair:1   | Killed an oklob plant
 10952 | Lair:1   | Reached XP level 11. HP: 56/92 MP: 8/14
 11151 | Lair:1   | Reached skill level 11 in Unarmed Combat
 11233 | Lair:2   | Found a dark tunnel.
 11255 | Lair:2   | Noticed Maggie
 11269 | Lair:2   | Killed Maggie
 11318 | Volcano  | Entered a volcano
 11872 | Volcano  | Noticed a salamander mystic
 11914 | Volcano  | Slain by a salamander

Illustrated notes

Levels and vault maps discovered:
D:1:      minmay_arrival_four_circles, layout_basic
D:2:      layout_basic, nicolae_overflow_hidden_temple,
          kennysheep_generic_room_13, uniq_robin, uniq_crazy_yiuf_cottage
D:3:      layout_basic, nzn_hepliaklqana_mist_gate, portal_sewer_entry_f,
          item_on_display_a
D:4:      layout_rooms, chequers_temple_overflow_minitemple, serial_shops, shop,
          serial_rivers, chequers_serial_rivers_small_3,
          chequers_serial_rivers_micro_d, chequers_serial_rivers_micro_e,
          chequers_serial_rivers_micro_e, chequers_serial_rivers_marsh,
          chequers_serial_rivers_marsh, uniq_natasha, uniq_duvessa, uniq_grinder
D:5:      layout_basic, uniq_sigmund, uniq_ijyb
D:6:      layout_loops_ring, serial_shops, shop
D:7:      layout_gridville, minmay_temple_entry_tees, grunt_decor_one_mirror
D:8:      layout_cave_pods, elyvilon_altar_1, david_lair_shrubbed,
          chequers_serial_rivers_micro_e, david_defended_altar_elf
D:9:      layout_roguey [special_room_bee], nicolae_ru_sacrificial_ziggurat,
          uniq_psyche
Lair:1:   layout_roguey, serial_bayou_shore_a, minmay_lair_oklob_chamber,
          grunt_megastairs_2, uniq_harold
Lair:2:   layout_cave_pods, minmay_shoals_entry_centaurs,
          nicolae_volcano_entry_two_sided, uniq_maggie
Volcano:  volcano_lake [vl_original]

Skill      XL: |  1  2  3  4  5  6  7  8  9 10 11 |
---------------+----------------------------------+-----
Unarmed Combat | 3 4 5 6 7 8 9 10 11 | 11.4
Fighting       | 2 3 4 5 6 7 |  7.5
Dodging        | 3 4 5 6 7 |  7.6
Armour         | 1 3 4 5 6 7 |  7.6
Throwing       | |  1.7

Action                   |  1- 3 |  4- 6 |  7- 9 | 10-12 || total
-------------------------+-------+-------+-------+-------++-------
Melee: Unarmed           |   150 |   368 |   602 |   328 ||  1448
       Punch             |     2 |     6 |    25 |    25 ||    58
Throw: Throwing net      |       |     1 |     2 |     3 ||     6
       Boomerang         |       |       |     2 |       ||     2
Evoke: Wand              |       |       |     7 |     3 ||    10
  Use: Scroll            |     4 |     3 |     8 |     1 ||    16
       Potion            |       |       |     3 |     2 ||     5
 Stab: Petrified         |       |       |     9 |       ||     9
       Held in net/web   |       |       |     1 |     2 ||     3
Armor: Leather armour    |    22 |       |       |       ||    22
       Ring mail         |    33 |       |       |       ||    33
       Plate armour      |    36 |   226 |   233 |    64 ||   559
       Scale mail        |       |       |       |    32 ||    32
Dodge: Dodged            |    82 |   131 |   438 |   264 ||   915

Table legend: (Time is in decaauts)
 A = Elapsed time spent in this place.
 B = Non-inter-level travel time spent in this place.
 C = Inter-level travel time spent in this place.
 D = Time resting spent in this place.
 E = Time spent auto-exploring this place.
 F = Levels seen in this place.
 G = Mean time per level.
                   A        B        C        D        E       F      G
               +--------+--------+--------+--------+--------+-----+--------+
         Total |  11765 |  11289 |    476 |   2437 |   6009 |  13 |  905.0 |
       Dungeon |   9114 |   8698 |    416 |   1821 |   4800 |   9 | 1012.7 |
          Lair |   1433 |   1374 |     59 |    313 |    716 |   2 |  716.5 |
         Sewer |    640 |    640 |      0 |    122 |    231 |   1 |  640.0 |
       Volcano |    576 |    576 |      0 |    181 |    261 |   1 |  576.0 |
               +--------+--------+--------+--------+--------+-----+--------+

Top non-repeatable levels by time:
     D:8: 1655 daAuts
     D:9: 1418 daAuts
  Lair:1: 1282 daAuts
     D:2: 1192 daAuts
     D:1: 1101 daAuts
     D:7: 888 daAuts
     D:3: 870 daAuts
     D:5: 809 daAuts
   Sewer: 640 daAuts
     D:4: 595 daAuts
     D:6: 582 daAuts
 Volcano: 576 daAuts
  Lair:2: 150 daAuts
